[Event "Titled Tuesday Blitz August 02 Late 2022"]
[White "Abdrlauf, Elham"]
[Black "Bellissimo, Joseph F."]
[WhiteFideId "1533533"]
[BlackFideId "2609843"]
[WhiteElo "2429"]
[BlackElo "2061"]
[Result "0-1"]
[Round "01"]
[TimeControl "180+1"]
[Date "2022.08.02"]
[WhiteClock "0:00:01"]
[BlackClock "0:00:44"]

1. e4 e6 2. d4 d5 3. Nc3 Nf6 4. Bg5 dxe4 5. Nxe4 Be7 6. Bxf6 gxf6 7. Nf3 f5 8. Ng3 c5 9. Qd2 cxd4 10. Nxd4 Bd7 11. O-O-O Nc6 12. Bb5 Qc7 13. Rhe1 O-O-O 14. Bxc6 Bxc6 15. Qc3 Bg5+ 16. Kb1 Bxg2 17. Qa3 Kb8 18. Nge2 a6 19. Rg1 Be7 20. Qe3 Rhg8 21. f3 Bc5 22. a3 e5 23. Qf2 exd4 24. Rxg2 d3 25. Rxg8 dxc2+ 26. Ka2 cxd1=Q 27. Rxd8+ Qdxd8 0-1


[Site "https://www.chess.com"]

[Event "Titled Tuesday Blitz August 02 Late 2022"]
[White "Adewumi, Tanitoluwa"]
[Black "Riehle, Marco"]
[WhiteFideId "30966396"]
[BlackFideId "12904392"]
[WhiteElo "2497"]
[BlackElo "2462"]
[Result "1/2-1/2"]
[Round "01"]
[TimeControl "180+1"]
[Date "2022.08.02"]
[WhiteClock "0:00:06"]
[BlackClock "0:00:49"]

1. e4 e5 2. Nf3 Nf6 3. Nxe5 Nxe4 4. Qe2 Qe7 5. Qxe4 d6 6. d4 dxe5 7. dxe5 Nc6 8. Nc3 Qxe5 9. Qxe5+ Nxe5 10. Bf4 f6 11. O-O-O Bd7 12. Nb5 O-O-O 13. Nxa7+ Kb8 14. Nb5 Bc5 15. f3 g5 16. Bxe5 fxe5 17. Nc3 Bc6 18. Bd3 g4 19. Be4 Bd7 20. Rd5 Bd4 21. Ne2 Be3+ 22. Kb1 Rhe8 23. Rhd1 Kc8 24. Rxd7 Rxd7 25. Bf5 Bd4 26. c3 c5 27. Bxg4 Kc7 28. Bxd7 Kxd7 29. Ng3 Kc6 30. cxd4 exd4 31. Ne4 h5 32. b4 b6 33. bxc5 bxc5 34. Rc1 Rb8+ 35. Ka1 d3 36. Rxc5+ Kb6 37. Rd5 Rg8 38. g3 Rf8 39. f4 Re8 40. Nc3 Re3 41. Kb2 Kc6 42. Rd4 Kc5 43. Rd5+ Kc4 44. Rd8 Rf3 45. Rc8+ Kd4 46. Rd8+ Kc4 47. Ne4 Re3 48. Rc8+ Kd4 49. Nc3 Rf3 50. Kb3 d2 51. Rd8+ Ke3 52. Kc2 Kf2 53. Rxd2+ Kg1 54. Ne2+ Kh1 55. f5 Rxf5 56. Nf4 Rc5+ 57. Kb3 Rb5+ 58. Kc4 Ra5 59. Kb4 Ra8 60. a4 Rb8+ 61. Ka3 Ra8 62. Kb4 Rb8+ 63. Ka5 Ra8+ 64. Kb5 Rb8+ 65. Kc6 Ra8 66. Rd4 Kxh2 67. Kb7 Ra5 68. Kb6 Rg5 69. a5 Kxg3 70. a6 h4 71. a7 Rg8 72. Kb7 Rg7+ 73. Kc8 Rxa7 74. Nh5+ Kh3 75. Nf4+ Kg3 76. Ne2+ Kf2 77. Nf4 Rf7 78. Nh3+ Kg3 79. Rd3+ Kh2 80. Ng5 Rg7 81. Rh3+ Kg2 82. Rxh4 Rg8+ 83. Kc7 Rxg5 84. Rd4 Kf3 85. Kd6 Ke3 86. Rd5 Rg6+ 87. Kc5 Ke4 88. Rd4+ Ke3 89. Rd5 Rg8 90. Rd6 Rc8+ 91. Rc6 Re8 92. Kd5 Kd3 93. Rh6 Re3 94. Rh4 Rg3 95. Ra4 Rg5+ 96. Ke6 Rh5 1/2-1/2


[Site "https://www.chess.com"]

[Event "Titled Tuesday Blitz August 02 Late 2022"]
[White "Alekseenko, Kirill"]
[Black "Vrbljanac, Aleksandar"]
[WhiteFideId "4135539"]
[BlackFideId "932817"]
[WhiteElo "2682"]
[BlackElo "2309"]
[Result "1-0"]
[Round "01"]
[TimeControl "180+1"]
[Date "2022.08.02"]
[WhiteClock "0:00:50"]
[BlackClock "0:00:06"]

1. f4 d5 2. Nf3 Nf6 3. b3 g6 4. Bb2 Bg7 5. e3 O-O 6. Be2 c5 7. O-O Nc6 8. Qe1 Qc7 9. d3 Nd7 10. Bxg7 Kxg7 11. Nbd2 e5 12. f5 gxf5 13. Nh4 f4 14. exf4 exf4 15. Nf5+ Kh8 16. Qh4 Qe5 17. Bg4 Qf6 18. Rae1 Qxh4 19. Nxh4 Nde5 20. Bxc8 Raxc8 21. Rxf4 Ng6 22. Nxg6+ hxg6 23. c3 Kg7 24. Rff1 Rce8 25. Nf3 b6 26. Kf2 Kf6 27. h4 Re6 28. Rxe6+ Kxe6 29. g4 f5 30. Re1+ Kf7 31. Ng5+ Kg8 32. Re6 fxg4+ 33. Kg3 Nd8 34. Rxg6+ Kh8 35. Rd6 d4 36. cxd4 cxd4 37. Rxd8 1-0


[Site "https://www.chess.com"]

[Event "Titled Tuesday Blitz August 02 Late 2022"]
[White "Bick, Gabriel James Koop"]
[Black "Martinez Alcantara, Jose Eduardo"]
[WhiteFideId "2084058"]
[BlackFideId "3805662"]
[WhiteElo "2466"]
[BlackElo "2703"]
[Result "0-1"]
[Round "01"]
[TimeControl "180+1"]
[Date "2022.08.02"]
[WhiteClock "0:00:01"]
[BlackClock "0:00:57"]

1. e4 Nc6 2. Nf3 d6 3. d4 Nf6 4. Nc3 g6 5. Be3 Bg7 6. Be2 O-O 7. O-O Bg4 8. d5 Bxf3 9. Bxf3 Nb8 10. Ne2 Nbd7 11. Nd4 Nc5 12. b4 Ncd7 13. c4 a5 14. a3 Ne5 15. Rc1 axb4 16. axb4 Ra2 17. c5 Rb2 18. Rb1 Ra2 19. Re1 h5 20. Bf4 Nfg4 21. Re2 Ra3 22. h3 Rd3 23. Rd2 Rxd2 24. Qxd2 Nxf3+ 25. Nxf3 Nf6 26. Qd3 Qa8 27. Rc1 Qa4 28. cxd6 cxd6 29. Rc7 Qxb4 30. Rxe7 Rd8 0-1


[Site "https://www.chess.com"]

[Event "Titled Tuesday Blitz August 02 Late 2022"]
[White "Bortnyk, Olexandr"]
[Black "Nozdrachev, Leonid"]
[WhiteFideId "14120828"]
[BlackFideId "24113433"]
[WhiteElo "2723"]
[BlackElo "2100"]
[Result "1-0"]
[Round "01"]
[TimeControl "180+1"]
[Date "2022.08.02"]
[WhiteClock "0:02:47"]
[BlackClock "0:02:21"]

1. d4 Nf6 2. Nc3 d6 3. e4 e5 4. Nf3 Nbd7 5. Bc4 Be7 6. O-O O-O 7. a4 c6 8. Re1 Qc7 9. h3 Re8 10. Ng5 Rf8 11. a5 Rb8 12. Bxf7+ 1-0


[Site "https://www.chess.com"]

[Event "Titled Tuesday Blitz August 02 Late 2022"]
[White "Estrada Nieto, Julian"]
[Black "Shimanov, Aleksandr"]
[WhiteFideId "5101018"]
[BlackFideId "4198603"]
[WhiteElo "2252"]
[BlackElo "2605"]
[Result "0-1"]
[Round "01"]
[TimeControl "180+1"]
[Date "2022.08.02"]
[WhiteClock "0:00:12"]
[BlackClock "0:00:03"]

1. e4 d5 2. exd5 Qxd5 3. Nc3 Qe5+ 4. Be2 Bg4 5. d4 Bxe2 6. Ngxe2 Qa5 7. O-O Nf6 8. Bd2 Nc6 9. Ne4 Qd5 10. Nxf6+ gxf6 11. c3 O-O-O 12. Nf4 Qf5 13. Qe2 e5 14. Nh5 exd4 15. Ng3 Qe6 16. Qb5 Qd5 17. a4 h5 18. Rfe1 h4 19. Ne4 Be7 20. Bf4 a6 21. Qxd5 Rxd5 22. Rad1 Rhd8 23. c4 Rf5 24. g3 Ne5 25. Bxe5 fxe5 26. Kg2 Rh5 27. g4 Rh6 28. h3 Rb6 29. Re2 Rb3 30. Red2 Bb4 31. Rd3 Rxb2 32. Rf3 Rc2 33. Rxf7 Rxc4 34. g5 Rc6 35. Nf6 d3 36. Kf3 d2 37. g6 e4+ 38. Ke2 Bc3 39. Nxe4 Re6 40. f3 Bb4 41. g7 Rg8 42. Rg1 Ree8 43. Kd1 c5 44. Nf6 Re1+ 45. Kc2 Rxg1 46. Rf8+ Kc7 47. Nxg8 d1=Q+ 48. Kb2 Rg2# 0-1


[Site "https://www.chess.com"]

[Event "Titled Tuesday Blitz August 02 Late 2022"]
[White "Fedoseev, Vladimir"]
[Black "Leenhouts, Koen"]
[WhiteFideId "24130737"]
[BlackFideId "1008439"]
[WhiteElo "2726"]
[BlackElo "2409"]
[Result "1-0"]
[Round "01"]
[TimeControl "180+1"]
[Date "2022.08.02"]
[WhiteClock "0:01:17"]
[BlackClock "0:00:26"]

1. d4 Nf6 2. c4 g6 3. Nc3 d5 4. cxd5 Nxd5 5. Bd2 Bg7 6. e4 Nxc3 7. Bxc3 O-O 8. Bc4 Nd7 9. Ne2 b6 10. Bd5 Rb8 11. Bc6 Bb7 12. Qa4 Bxc6 13. Qxc6 Rc8 14. Rd1 Nb8 15. Qa4 a5 16. d5 Nd7 17. Bxg7 Kxg7 18. Nd4 Nc5 19. Qc2 Qd6 20. O-O Kg8 21. Nc6 e5 22. f4 f6 23. f5 Kg7 24. Rf3 Nd7 25. Kh1 Rg8 26. Na7 Rcf8 27. Nb5 Qc5 28. Qe2 Rc8 29. Rc3 Qb4 30. a3 Qa4 31. b3 1-0


[Site "https://www.chess.com"]

[Event "Titled Tuesday Blitz August 02 Late 2022"]
[White "Ferreira, Vitor Hugo Vieira"]
[Black "Sarana, Alexey"]
[WhiteFideId "2119765"]
[BlackFideId "24133795"]
[WhiteElo "2168"]
[BlackElo "2666"]
[Result "0-1"]
[Round "01"]
[TimeControl "180+1"]
[Date "2022.08.02"]
[WhiteClock "0:01:15"]
[BlackClock "0:01:59"]

1. d4 Nf6 2. c4 e6 3. Nf3 d5 4. Nc3 Nbd7 5. Bg5 h6 6. Bh4 Be7 7. e3 c6 8. Qc2 O-O 9. Bd3 dxc4 10. Bxc4 b5 11. Bd3 a6 12. a3 c5 13. O-O Bb7 14. Ne5 c4 15. Be2 Nxe5 16. dxe5 Nd7 17. Bg3 Nc5 18. Rad1 Qc7 19. f4 Rad8 20. Bf3 Bxf3 21. gxf3 Rd3 22. Bf2 Rfd8 23. Ne4 Nxe4 24. fxe4 Qc6 25. Rxd3 Rxd3 26. Rd1 Qxe4 27. Rxd3 cxd3 28. Qc8+ Bf8 29. Qd7 Qc4 30. Qd4 Qxd4 31. exd4 d2 0-1


[Site "https://www.chess.com"]

[Event "Titled Tuesday Blitz August 02 Late 2022"]
[White "Fieberg, Samuel"]
[Black "Ibarra Jerez, Jose Carlos"]
[WhiteFideId "12901717"]
[BlackFideId "2226332"]
[WhiteElo "2461"]
[BlackElo "2628"]
[Result "0-1"]
[Round "01"]
[TimeControl "180+1"]
[Date "2022.08.02"]
[WhiteClock "0:02:10"]
[BlackClock "0:02:43"]

1. e4 c5 2. Nf3 e6 3. d4 cxd4 4. Nxd4 Qb6 5. Nb3 Qc7 6. Bd3 Nf6 7. O-O d5 8. exd5 Nxd5 9. Be4 Nf6 10. Bf3 Nbd7 11. Nc3 a6 12. Be3 Ne5 13. Bf4 Bd6 14. Bg3 O-O 15. Qe2 Nxf3+ 16. Qxf3 e5 17. Rad1 Bg4 18. Qd3 Bxd1 19. Rxd1 Rad8 20. Qe2 e4 21. Nxe4 Nxe4 22. Qxe4 Bxg3 23. Rxd8 Bxh2+ 0-1


[Site "https://www.chess.com"]

[Event "Titled Tuesday Blitz August 02 Late 2022"]
[White "Fiedorek, Michal"]
[Black "Czarnota, Pawel"]
[WhiteFideId "1199528"]
[BlackFideId "1121219"]
[WhiteElo "1833"]
[BlackElo "2534"]
[Result "0-1"]
[Round "01"]
[TimeControl "180+1"]
[Date "2022.08.02"]
[WhiteClock "0:00:06"]
[BlackClock "0:01:17"]

1. Nf3 c5 2. c4 Nc6 3. g3 g6 4. Bg2 Bg7 5. O-O d6 6. Nc3 e5 7. d3 Nge7 8. Nd5 Nxd5 9. cxd5 Ne7 10. Nd2 O-O 11. a4 Bg4 12. Nc4 h6 13. h3 Bf5 14. Bd2 b6 15. Bc3 Nc8 16. Qb3 Bd7 17. Na3 a6 18. Nc4 Rb8 19. Qc2 Qc7 20. b3 Ne7 21. Bb2 b5 22. axb5 axb5 23. Nd2 Qb6 24. Kh1 Ra8 25. f4 Nf5 26. Rf3 Rxa1+ 27. Bxa1 e4 28. dxe4 Bxa1 29. exf5 Bxf5 30. e4 Bd7 31. Rf1 Bg7 32. Nf3 Ra8 33. e5 Bf5 34. Qe2 Qc7 35. Nh4 Re8 36. Qxb5 Bd7 37. Qa6 dxe5 38. d6 Qb8 39. fxe5 Qxb3 40. Qa7 Be6 41. Qxc5 Qxg3 42. Nf3 Bxh3 43. Bxh3 Qxh3+ 44. Kg1 Bxe5 45. Nxe5 Qg3+ 46. Kh1 Rxe5 0-1


[Site "https://www.chess.com"]

[Event "Titled Tuesday Blitz August 02 Late 2022"]
[White "Fonseca Manrique, Enrique"]
[Black "Yoo, Christopher Woojin"]
[WhiteFideId "5114330"]
[BlackFideId "30909694"]
[WhiteElo "2511"]
[BlackElo "2105"]
[Result "0-1"]
[Round "01"]
[TimeControl "180+1"]
[Date "2022.08.02"]
[WhiteClock "0:00:09"]
[BlackClock "0:00:06"]

1. e4 c6 2. d4 d5 3. e5 Bf5 4. Nf3 e6 5. Be2 Ne7 6. O-O Nd7 7. Nbd2 Ng6 8. Nb3 f6 9. exf6 Qxf6 10. Bg5 Qf7 11. a4 Bd6 12. a5 O-O 13. Qd2 h6 14. Be3 Nf6 15. c4 Ne4 16. Qc1 Qe7 17. a6 b6 18. cxd5 cxd5 19. Qc6 Rac8 20. Qb5 Rc2 21. Rac1 Rxb2 22. Rc6 Qg5 23. Nxg5 hxg5 24. Bd3 Nf4 25. Bxe4 Bxe4 26. Rxd6 Bd3 27. Qb4 Bxf1 28. Bxf4 Rxf4 29. Kxf1 Rfxf2+ 30. Ke1 Rxg2 31. Nd2 Rxb4 32. Rxe6 Rxd4 33. Re8+ Kf7 34. Ra8 Rdxd2 35. Rxa7+ Kg6 36. Re7 Ra2 37. a7 Ra1# 0-1


[Site "https://www.chess.com"]

[Event "Titled Tuesday Blitz August 02 Late 2022"]
[White "Hakobyan, Aram"]
[Black "Ozates, Tuna"]
[WhiteFideId "13306677"]
[BlackFideId "6354521"]
[WhiteElo "2557"]
[BlackElo "1887"]
[Result "1-0"]
[Round "01"]
[TimeControl "180+1"]
[Date "2022.08.02"]
[WhiteClock "0:01:49"]
[BlackClock "0:02:01"]

1. Nf3 c5 2. e4 Nc6 3. Nc3 Nf6 4. Bb5 Nd4 5. Bc4 d6 6. d3 Bg4 7. Be3 Bxf3 8. gxf3 a6 9. a4 e6 10. f4 Be7 11. Rg1 g6 12. Ba2 b5 13. Bxd4 cxd4 14. Ne2 d5 15. Ng3 dxe4 16. dxe4 Bb4+ 17. Kf1 Qd7 18. axb5 Qxb5+ 19. Kg2 Rd8 20. Qd3 Qc6 21. Bc4 a5 22. Bb5 1-0


[Site "https://www.chess.com"]

[Event "Titled Tuesday Blitz August 02 Late 2022"]
[White "Harsha Bharathakoti"]
[Black "Silich, Yahor"]
[WhiteFideId "5078776"]
[BlackFideId "13513656"]
[WhiteElo "2575"]
[BlackElo "2163"]
[Result "1-0"]
[Round "01"]
[TimeControl "180+1"]
[Date "2022.08.02"]
[WhiteClock "0:00:40"]
[BlackClock "0:00:17"]

1. c4 Nf6 2. Nc3 g6 3. e4 d6 4. d4 Bg7 5. Be2 O-O 6. Bg5 a6 7. Nf3 Bg4 8. O-O Nfd7 9. Rc1 Nc6 10. d5 Bxf3 11. Bxf3 Nd4 12. Be3 c5 13. dxc6 Nxf3+ 14. Qxf3 bxc6 15. b3 Qa5 16. Na4 Rfe8 17. Rfd1 Rab8 18. Bd4 Bxd4 19. Rxd4 Ne5 20. Qe2 c5 21. Rd5 Nc6 22. Rcd1 Nd4 23. R1xd4 e6 24. Rg5 h6 25. Rxg6+ fxg6 26. Rxd6 Rbd8 27. Rc6 Rd2 28. Qg4 Kg7 29. h4 h5 30. Qf4 Rd1+ 31. Kh2 Qd8 32. Nxc5 e5 33. Qg3 Rd6 34. Nb7 Rxc6 35. Nxd8 Rxd8 36. Qxe5+ Kf7 37. c5 Re8 38. Qd5+ Ree6 39. b4 Ke7 40. a4 Rc7 41. b5 axb5 42. axb5 Rd7 43. Qg5+ Kf7 44. c6 Rd4 45. c7 Rc4 46. Qd8 Re8 47. Qd5+ 1-0


[Site "https://www.chess.com"]

[Event "Titled Tuesday Blitz August 02 Late 2022"]
[White "Jian, Alex"]
[Black "Chigaev, Maksim"]
[WhiteFideId "30901022"]
[BlackFideId "4108116"]
[WhiteElo "2095"]
[BlackElo "2438"]
[Result "0-1"]
[Round "01"]
[TimeControl "180+1"]
[Date "2022.08.02"]
[WhiteClock "0:00:02"]
[BlackClock "0:00:28"]

1. Nf3 Nf6 2. b3 g6 3. Bb2 Bg7 4. e3 O-O 5. Be2 c5 6. O-O d5 7. c4 d4 8. exd4 Ne8 9. d3 Nc6 10. Nbd2 Nc7 11. Rb1 cxd4 12. a3 a5 13. Re1 Na6 14. Bf1 e5 15. g3 Re8 16. Bg2 Nc5 17. Ne4 Nxe4 18. Rxe4 Bf5 19. Re1 e4 20. Nh4 e3 21. Nxf5 gxf5 22. Qh5 exf2+ 23. Kxf2 Qf6 24. Kg1 Ne5 25. Rbd1 Ng4 26. Bd5 Ne3 27. Rc1 Rad8 28. Kh1 b6 29. Bxd4 Qxd4 30. Bxf7+ Kf8 31. Bxe8 Rxe8 32. Re2 Qxd3 33. Rce1 Qe4+ 34. Kg1 Bd4 35. Qh6+ Kg8 36. Qg5+ Kh8 37. Rxe3 Bxe3+ 38. Rxe3 Qxe3+ 39. Qxe3 Rxe3 0-1


[Site "https://www.chess.com"]

[Event "Titled Tuesday Blitz August 02 Late 2022"]
[White "Johnson, Donald"]
[Black "Nogerbek, Kazybek"]
[WhiteFideId "30949122"]
[BlackFideId "13710427"]
[WhiteElo "1724"]
[BlackElo "2458"]
[Result "0-1"]
[Round "01"]
[TimeControl "180+1"]
[Date "2022.08.02"]
[WhiteClock "0:00:03"]
[BlackClock "0:00:49"]

1. e4 e5 2. Nf3 Nc6 3. Bb5 Nf6 4. O-O Nxe4 5. Re1 Nd6 6. Nxe5 Be7 7. Bf1 Nf5 8. Nf3 d5 9. d4 O-O 10. c3 Bd6 11. Bg5 f6 12. Bd2 Qd7 13. Qc1 Qf7 14. Bf4 Bd7 15. Bxd6 Nxd6 16. Nbd2 Rae8 17. Bd3 Bf5 18. Qc2 Ne7 19. Bxf5 Nexf5 20. Rxe8 Rxe8 21. Re1 a5 22. Qd1 h5 23. Rxe8+ Qxe8 24. Qe1 Qd7 25. Qe2 Qa4 26. Qe6+ Kh7 27. Qxd5 Qd1+ 28. Nf1 a4 29. Qe6 Qc2 30. Qd7 Nh6 31. Qxc7 Ne4 32. N3d2 Nxd2 33. Nxd2 Qxd2 34. h3 Qe1+ 35. Kh2 Qxf2 36. Qxb7 Nf5 37. Qe4 g6 38. Qd3 Qf4+ 39. Kg1 Ng3 40. d5 Qc1+ 41. Kh2 h4 42. Qxg3 hxg3+ 43. Kxg3 Qd2 44. b3 Qxc3+ 45. Kh2 axb3 46. axb3 Qxb3 47. d6 Qd5 48. d7 Qxd7 49. h4 Qe6 50. h5 Kh6 51. hxg6 Kxg6 52. Kg3 Kg5 53. Kf3 Qe4+ 54. Kg3 Qf4+ 55. Kh3 Qh4# 0-1


[Site "https://www.chess.com"]

[Event "Titled Tuesday Blitz August 02 Late 2022"]
[White "Kamsky, Gata"]
[Black "Przybylski, Wojciech"]
[WhiteFideId "2000024"]
[BlackFideId "1117599"]
[WhiteElo "2645"]
[BlackElo "2133"]
[Result "1/2-1/2"]
[Round "01"]
[TimeControl "180+1"]
[Date "2022.08.02"]
[WhiteClock "0:01:26"]
[BlackClock "0:01:53"]

1. e4 e5 2. Nf3 Nc6 3. Bb5 Nf6 4. O-O Nxe4 5. d4 Nd6 6. Bxc6 dxc6 7. dxe5 Nf5 8. Qxd8+ Kxd8 9. Rd1+ Ke8 10. Nc3 h6 11. h3 Be7 12. g4 Nh4 13. Nxh4 Bxh4 14. Kg2 Be6 15. Be3 b6 16. Ne2 Rd8 17. Nf4 Bc8 18. c4 Rxd1 19. Rxd1 Ke7 20. b3 Rd8 21. Rxd8 Kxd8 22. Nh5 g6 23. Ng3 Bxg3 24. Kxg3 h5 25. Kh4 hxg4 26. hxg4 c5 27. Kg5 Ke7 28. f4 Bb7 29. f5 gxf5 30. gxf5 Be4 31. a3 a5 32. Bd2 Bc2 33. b4 cxb4 34. axb4 a4 35. c5 bxc5 36. bxc5 a3 37. Bc3 a2 38. Bb2 c6 39. Bc3 Bb1 40. Bb2 Bc2 41. Bc3 Bb1 42. Bb2 Bd3 43. Bc3 Bc2 44. Bb2 Bb1 45. Bc3 Be4 46. Bb2 Bd3 47. Bc3 Bb1 1/2-1/2


[Site "https://www.chess.com"]

[Event "Titled Tuesday Blitz August 02 Late 2022"]
[White "Karas, Marek"]
[Black "Holt, Conrad"]
[WhiteFideId "14928558"]
[BlackFideId "2034387"]
[WhiteElo "2250"]
[BlackElo "2586"]
[Result "1/2-1/2"]
[Round "01"]
[TimeControl "180+1"]
[Date "2022.08.02"]
[WhiteClock "0:00:14"]
[BlackClock "0:00:06"]

1. d4 d5 2. Nf3 Nf6 3. Bf4 c5 4. e3 Nc6 5. Nbd2 cxd4 6. exd4 Bg4 7. c3 e6 8. Qb3 Qc8 9. Be2 Be7 10. h3 Bh5 11. O-O O-O 12. Rfe1 a6 13. a4 Na5 14. Qd1 Nc4 15. Nxc4 dxc4 16. Bg5 b5 17. Ne5 Bxe2 18. Qxe2 Qb7 19. Bxf6 Bxf6 20. axb5 axb5 21. Qf3 Qxf3 22. Nxf3 Rfb8 23. Ne5 Bxe5 24. dxe5 Kf8 25. Kf1 Ke7 26. Ke2 Ra4 27. Kd2 Rba8 28. Rxa4 Rxa4 29. Kc2 g5 30. f4 gxf4 31. Re4 Ra1 32. Rxf4 Re1 33. Kd2 Rxe5 34. Rg4 h6 35. Rg8 Rd5+ 36. Ke3 Rd3+ 37. Ke2 Rd8 38. Rg4 Ra8 39. Kd2 Ra1 40. Rh4 Rf1 41. Ke3 Rb1 42. Rxh6 Rxb2 43. Rh5 f5 44. g4 Kf6 45. gxf5 exf5 46. Kf4 Rf2+ 47. Ke3 Rf1 48. Kd4 Rd1+ 49. Kc5 f4 50. Rh8 Kf5 51. Kxb5 f3 52. Rf8+ Ke4 53. Kxc4 Ke3 54. Re8+ Kd2 55. Rd8+ Ke2 56. Re8+ Kf1 57. Kc5 f2 58. c4 Kg2 59. Rf8 f1=Q 60. Rxf1 Rxf1 61. Kd6 Kf3 62. c5 Ke4 63. c6 Rd1+ 64. Ke6 Rc1 65. Kd7 Rd1+ 66. Ke6 Rc1 67. Kd7 Rd1+ 68. Ke6 1/2-1/2


[Site "https://www.chess.com"]

[Event "Titled Tuesday Blitz August 02 Late 2022"]
[White "Kevlishvili, Robby"]
[Black "Koellner, Ruben Gideon"]
[WhiteFideId "1040634"]
[BlackFideId "12993093"]
[WhiteElo "2577"]
[BlackElo "2497"]
[Result "0-1"]
[Round "01"]
[TimeControl "180+1"]
[Date "2022.08.02"]
[WhiteClock "0:00:05"]
[BlackClock "0:00:08"]

1. e4 d6 2. d4 Nf6 3. Nc3 e5 4. Nf3 Nbd7 5. Bc4 Be7 6. a4 c6 7. O-O h6 8. Re1 Qc7 9. b3 Nf8 10. h3 Ng6 11. Bb2 O-O 12. Qd2 b6 13. Rad1 a6 14. Bf1 b5 15. g3 Bd7 16. Bg2 Rfd8 17. Qd3 Be8 18. Nb1 Rac8 19. Nbd2 Bf8 20. c4 bxa4 21. bxa4 Rb8 22. Bc3 c5 23. d5 Bxa4 24. Ra1 Qd7 25. Nf1 Qe8 26. Ne3 Ra8 27. Reb1 Bd7 28. Rb6 Rdb8 29. Rbxa6 Rxa6 30. Rxa6 Qc8 31. Ra1 Bxh3 32. Bd2 Bxg2 33. Kxg2 Rb6 34. Nf5 Ne7 35. N3h4 Nxf5 36. Nxf5 g6 37. Nxh6+ Bxh6 38. Bxh6 Qg4 39. Re1 Rb2 40. Bc1 Ra2 41. Qb3 Re2 42. Qb8+ Kg7 43. Rxe2 Qxe2 44. Qxd6 Qxf2+ 45. Kxf2 Nxe4+ 46. Ke3 Nxd6 47. Kd3 e4+ 48. Kc3 f5 49. Bf4 Nb7 50. Kb3 Kf6 51. Ka3 g5 52. Be3 Ke5 53. Bxg5 Kd4 54. Be7 Kxc4 55. d6 e3 56. g4 fxg4 57. d7 e2 58. Bh4 Kd3 59. Ka4 c4 60. Kb5 Nd6+ 61. Kc5 Nf7 62. Kd5 c3 63. Ke6 Nd8+ 64. Kd6 e1=Q 65. Bxe1 c2 66. Bh4 Nb7+ 67. Kc7 c1=Q+ 68. Kxb7 Qb2+ 69. Kc8 Qc3+ 70. Kb7 Qb2+ 71. Kc8 Qc3+ 72. Kb7 Qb4+ 73. Kc8 Qc5+ 74. Kd8 Qf8+ 75. Kc7 Qc5+ 76. Kd8 Ke4 77. Ke8 Qe5+ 78. Be7 Qh8+ 79. Bf8 Qe5+ 80. Be7 Qh5+ 81. Kf8 Qh8+ 82. Kf7 Qh7+ 83. Ke8 Qg6+ 84. Kf8 Qf5+ 85. Ke8 Qb5 86. Bd6 Kf5 87. Ke7 Qe2+ 88. Kf8 Kg6 0-1


[Site "https://www.chess.com"]

[Event "Titled Tuesday Blitz August 02 Late 2022"]
[White "Livaic, Leon"]
[Black "Huber, Benedikt"]
[WhiteFideId "14531534"]
[BlackFideId "12923583"]
[WhiteElo "2540"]
[BlackElo "1979"]
[Result "1-0"]
[Round "01"]
[TimeControl "180+1"]
[Date "2022.08.02"]
[WhiteClock "0:02:31"]
[BlackClock "0:02:28"]

1. e4 c5 2. Nf3 e6 3. g3 Nc6 4. Bg2 d5 5. exd5 exd5 6. O-O Nf6 7. d4 Bg4 8. Re1+ Be7 9. dxc5 O-O 10. h3 Bh5 11. Nc3 Bxc5 12. Bg5 h6 13. Bxf6 Qxf6 14. Qxd5 Bb6 15. Qxh5 1-0


[Site "https://www.chess.com"]

[Event "Titled Tuesday Blitz August 02 Late 2022"]
[White "Luo, Terry"]
[Black "Andreikin, Dmitry"]
[WhiteFideId "30931045"]
[BlackFideId "4158814"]
[WhiteElo "2024"]
[BlackElo "2736"]
[Result "0-1"]
[Round "01"]
[TimeControl "180+1"]
[Date "2022.08.02"]
[WhiteClock "0:01:21"]
[BlackClock "0:01:52"]

1. d4 d5 2. Nc3 Bf5 3. Bf4 e6 4. e3 Bd6 5. Nf3 Bxf4 6. exf4 Bg4 7. Be2 Bxf3 8. Bxf3 Ne7 9. O-O O-O 10. g3 Nd7 11. Ne2 c5 12. c3 Qb6 13. Qd2 g6 14. h4 Nf5 15. h5 cxd4 16. Nxd4 Nxd4 17. cxd4 Nf6 18. hxg6 hxg6 19. Kg2 Kg7 20. Rh1 Rh8 21. Rac1 Rxh1 22. Rxh1 Rh8 23. Rxh8 Kxh8 24. Qc3 Kg7 25. b4 Ne8 26. Qc5 Nd6 27. a4 Nf5 28. a5 Qxc5 29. dxc5 Nd4 30. Bd1 Kf6 31. Ba4 Ke7 32. b5 Kd8 33. b6 axb6 34. cxb6 Nf5 35. Kf3 Nd6 36. Ke2 Nc4 37. a6 bxa6 38. b7 Kc7 39. Be8 Nd6 0-1


[Site "https://www.chess.com"]

[Event "Titled Tuesday Blitz August 02 Late 2022"]
[White "Makarian, Rudik"]
[Black "Gaisinsky, Adam"]
[WhiteFideId "44105681"]
[BlackFideId "2620561"]
[WhiteElo "2403"]
[BlackElo "1965"]
[Result "1-0"]
[Round "01"]
[TimeControl "180+1"]
[Date "2022.08.02"]
[WhiteClock "0:01:18"]
[BlackClock "0:00:11"]

1. f4 d5 2. Nf3 g6 3. g3 Bg7 4. Bg2 Nd7 5. O-O e5 6. fxe5 Nxe5 7. Nxe5 Bxe5 8. Nc3 Ne7 9. d4 Bg7 10. Bg5 c6 11. e4 dxe4 12. Nxe4 Qxd4+ 13. Kh1 Qxd1 14. Raxd1 Be6 15. Nd6+ Kf8 16. Nxb7 h6 17. Nc5 Bg4 18. Bxe7+ Kxe7 19. Rde1+ Kd6 20. Nb7+ Kc7 21. Rxf7+ Kb6 22. Rxg7 Rhe8 23. Rxe8 Rxe8 24. h3 Re1+ 25. Kh2 Bf5 26. Nd6 Bxc2 27. g4 Re2 28. Kg3 Re3+ 29. Kf4 Rd3 30. Nc4+ Kc5 31. Ne5 Rd4+ 32. Ke3 Rd1 33. Rc7 Re1+ 34. Kd2 Rxe5 35. Rxc6+ Kd4 36. Rxc2 1-0


[Site "https://www.chess.com"]

[Event "Titled Tuesday Blitz August 02 Late 2022"]
[White "Manukyan, Sargis A."]
[Black "Zhigalko, Sergei"]
[WhiteFideId "13303970"]
[BlackFideId "13502956"]
[WhiteElo "2187"]
[BlackElo "2662"]
[Result "0-1"]
[Round "01"]
[TimeControl "180+1"]
[Date "2022.08.02"]
[WhiteClock "0:01:25"]
[BlackClock "0:00:33"]

1. d4 Nf6 2. c4 e6 3. Nc3 Bb4 4. a3 Bxc3+ 5. bxc3 O-O 6. e3 d6 7. Bd3 e5 8. Ne2 Re8 9. O-O e4 10. Bb1 Bf5 11. Ng3 Bg6 12. f4 h6 13. a4 Nc6 14. Ba3 Na5 15. c5 Nc4 16. Qc1 Nd5 17. Re1 a5 18. f5 Bh7 19. Bxe4 c6 20. cxd6 Qh4 21. Bd3 Nxa3 22. Rxa3 Rad8 23. c4 Nb4 24. c5 Qg5 25. e4 Qh4 26. Bb1 b6 27. Rf3 bxc5 28. Rf4 Qg5 29. h4 Qxg3 30. Re3 Qxf4 31. dxc5 Bxf5 32. Qe1 Qe5 33. Qf2 Bg4 34. Rg3 h5 0-1


[Site "https://www.chess.com"]

[Event "Titled Tuesday Blitz August 02 Late 2022"]
[White "Martic, Ivan"]
[Black "Oparin, Grigoriy"]
[WhiteFideId "929301"]
[BlackFideId "24125890"]
[WhiteElo "2355"]
[BlackElo "2639"]
[Result "0-1"]
[Round "01"]
[TimeControl "180+1"]
[Date "2022.08.02"]
[WhiteClock "0:00:01"]
[BlackClock "0:00:13"]

1. e4 e6 2. d4 d5 3. e5 c5 4. c3 Nc6 5. Nf3 Qb6 6. a3 Bd7 7. b4 cxd4 8. cxd4 f6 9. Bd3 O-O-O 10. O-O Nxd4 11. Be3 Nxf3+ 12. Qxf3 d4 13. Bf4 f5 14. Rc1+ Kb8 15. Bxf5 exf5 16. e6+ Bd6 17. exd7 Rxd7 18. Nd2 Bxf4 19. Qxf4+ Qd6 20. Qxf5 Ne7 21. Qh3 Nd5 22. Ne4 Qe7 23. Nc5 Rdd8 24. Qg3+ Ka8 25. Re1 Qf7 26. Re4 Nc3 27. Ree1 Rhe8 28. Qd3 a6 29. h3 Qd5 30. a4 g6 31. a5 Ka7 32. h4 Nb5 33. Rad1 Qf5 34. Rxe8 Rxe8 35. Qxf5 gxf5 36. Kf1 b6 37. axb6+ Kxb6 38. Nb3 Rd8 39. Rd3 Kc6 40. Ke2 Kd5 41. Nd2 Rc8 42. Rf3 Ke5 43. Rg3 Rc2 44. Kd1 Ra2 45. Rg7 d3 46. f3 Nc3+ 47. Ke1 f4 48. Re7+ Kf6 49. Rc7 Ra1+ 50. Kf2 Nd1+ 51. Kg1 Ne3+ 52. Kf2 Ra2 53. Ke1 Nxg2+ 54. Kd1 Ra1+ 55. Nb1 Rxb1+ 56. Kd2 Ne1 57. Rxh7 Nxf3+ 58. Kxd3 Re1 59. Rh6+ Kf5 60. Rxa6 Re3+ 61. Kc2 Nd4+ 62. Kd2 Ke4 63. Rd6 Rd3+ 64. Ke1 f3 65. Kf2 Rd2+ 66. Kf1 Rb2 67. Rd8 Nf5 68. Re8+ Kf4 69. Rc8 Ne3+ 0-1


[Site "https://www.chess.com"]